 Dungeon Crawl Stone Soup version 0.30-a0-939-gc8157cb160 (webtiles) character file.

Game seed: 617381782357531654

42 gohu the Trooper (level 3, 0/34 HPs)
             Began as a Hill Orc Fighter on Mar 25, 2023.
             Slain by Sigmund
             ... wielding a +0 scythe
              (7 damage)
             ... on level 2 of the Dungeon.
             The game lasted 00:02:03 (1152 turns).

gohu the Trooper (Hill Orc Fighter)                 Turns: 1152, Time: 00:02:04

Health: 0/34       AC:  6    Str: 20    XL:     3   Next: 56%
Magic:  3/3        EV:  9    Int:  8    God:
Gold:   23         SH:  4    Dex: 10    Spells: 2/2 levels left

rFire   . . .      SeeInvis .    a - +0 war axe
rCold   . . .      Faith    .    c - +0 buckler
rNeg    . . .      Spirit   .    b - +0 scale mail
rPois   .          Reflect  .    (no helmet)
rElec   .          Rampage  .    (no cloak)
rCorr   .                        (no gloves)
Will    .....                    (no boots) Stlth
                                 (no amulet)
HPRegen 0.25/turn                (no ring)
MPRegen 0.08/turn                (no ring)

@: mighty
A: no striking features
a: no special abilities


You were on level 2 of the Dungeon.
You visited 1 branch of the dungeon, and saw 3 of its levels.

You collected 23 gold pieces.

Inventory:

Hand Weapons
 a - a +0 war axe (weapon)
Missiles
 g - 2 boomerangs of dispersal (quivered)
Armour
 b - a +0 scale mail (worn)
 c - a +0 buckler (worn)
Potions
 e - 2 potions of curing {unknown}
 f - 2 potions of heal wounds {unknown}


   Skills:
 * Level 4.3 Fighting
 * Level 4.0 Axes
 + Level 3.5 Armour
 - Level 3.2 Shields


You had 2 spell levels left.
You didn't know any spells.
Your spell library contained the following spells:

 Spells                   Type           Power      Damage    Failure   Level
 Cigotuvi's Dreadful Rot  Necr/Pois/Air  0%         N/A       94%         2
 Poisonous Vapours        Pois/Air       0%         N/A       94%         2
 Dazzling Flash           Conj/Hex       0%         N/A       99%         3
 Mephitic Cloud           Conj/Pois/Air  0%         N/A       99%         3
 Petrify                  Tmut/Erth      0%         N/A       100%        4
 Agony                    Necr           0%         N/A       100%        5
 Metabolic Englaciation   Hex/Ice        0%         N/A       100%        5
 Silence                  Hex/Air        0%         N/A       100%        5
 Statue Form              Tmut/Erth      0%         N/A       100%        6


Dungeon Overview and Level Annotations

Branches:
Dungeon (3/15)

Altars:

Annotations:
D:2 Sigmund


Message History

Found a cloak.
Items here: ( ))) ††.
Sigmund the Dreaded comes into view.
He is wielding a +0 scythe and wearing a +1 robe of positive energy.
Sigmund shouts!
You see here a +0 cloak.
Sigmund smiles chillingly.
Sigmund hits you from afar with a +0 scythe!
You see here a potion of might.
You feel very mighty all of a sudden. Sigmund gestures at you while chanting.
You are confused.
You are too confused!
You are too confused!
Sigmund closely misses you. Sigmund closely misses you.
Sigmund closely misses you.
You miss Sigmund. Sigmund misses you.
You feel less confused. Sigmund hits you with a +0 scythe.
You hit Sigmund.
Sigmund is lightly wounded.
Sigmund points at you and mumbles some strange words.
The magic dart hits you.
You barely miss Sigmund.
Sigmund is lightly wounded.
Sigmund hits you with a +0 scythe.
You hit Sigmund.
Sigmund is moderately wounded.
Sigmund hits you with a +0 scythe!
* * * LOW HITPOINT WARNING * * *
You slash Sigmund!
Sigmund is severely wounded.
Sigmund mumbles some strange words.
Sigmund flickers and vanishes!
Deactivating autopickup; reactivate with Ctrl-A.
You miss something. Something hits you.
* * * LOW HITPOINT WARNING * * *
You closely miss something. Something hits you but does no damage.
You barely miss something. Something hits you!
You die...

<.....#
##.....##
#....#..#.#
......#
#.......#
#.........#
........
#≈.....~#
##....#....
........
#≈~...~≈#
.....#....
.)......
#≈~...~≈#
#..####....
########
#≈~[..~≈#
#... ......
#≈≈!..~≈#
........
#≈≈...~≈#
......##
#≈~.@{≈≈#
........
#~~...~≈#
#######.
#~.....~#
...
#.......#
...#
##.....##
...##
###.### ...
. ... ##
... #..##


There were no monsters in sight!

Vanquished Creatures
  An adder (D:2)
  2 dart slugs (D:1)
  An orc (D:2)
  5 ball pythons
  An endoplasm (D:2)
  A giant cockroach (D:1)
  4 hobgoblins
  3 bats (D:1)
  3 frilled lizards
  6 kobolds
  2 rats (D:1)
29 creatures vanquished.

Notes
Turn   | Place    | Note
-------+----------+-------------------------------------------
     0 | D:1      | gohu the Hill Orc Fighter began the quest for the Orb.
     0 | D:1      | Reached XP level 1. HP: 19/19 MP: 1/1
    86 | D:1      | Reached XP level 2. HP: 27/27 MP: 2/2
   725 | D:1      | Found a faded altar of an unknown god.
   889 | D:2      | Reached XP level 3. HP: 28/33 MP: 3/3
  1134 | D:2      | Noticed Sigmund
  1152 | D:2      | Slain by Sigmund

Illustrated notes

Levels and vault maps discovered:
D:1:      minmay_arrival_open_corners, layout_basic,
          shapermc_ecumenical_altar_gd
D:2:      minmay_kobold_bridge, layout_basic, serial_bayou, serial_bayou_pond_c,
          serial_bayou_shore_b, serial_bayou_pond_d, serial_bayou_pond_e,
          serial_bayou_pond_a, minmay_tromino_i2, uniq_sigmund
D:3:      layout_loops_ring, ebering_ghost_disaster_area,
          uniq_crazy_yiuf_cottage

Skill      XL: |  1  2  3 |
---------------+----------+-----
Fighting       | 4 |  4.3
Axes           | 3 4 |  4.0
Armour         | |  3.5
Shields        | |  3.2

Action                     || total
---------------------------++-------
  Melee: War axe           ||    83
    Use: Potion            ||     1
 Armour: Scale mail        ||    33
  Dodge: Dodged            ||    40
  Block: Buckler           ||    19

Table legend: (Time is in decaauts)
 A = Elapsed time spent in this place.
 B = Non-inter-level travel time spent in this place.
 C = Inter-level travel time spent in this place.
 D = Time resting spent in this place.
 E = Time spent auto-exploring this place.
 F = Levels seen in this place.
 G = Mean time per level.
                   A        B        C        D        E       F      G
               +--------+--------+--------+--------+--------+-----+--------+
         Total |   1184 |   1145 |     39 |      0 |    906 |   3 |  394.7 |
       Dungeon |   1184 |   1145 |     39 |      0 |    906 |   3 |  394.7 |
               +--------+--------+--------+--------+--------+-----+--------+

Top non-repeatable levels by time:
     D:1: 829 daAuts
     D:2: 353 daAuts
     D:3: 1 daAuts
